 Dungeon Crawl Stone Soup version 0.21.1-1-g345015fe64 (webtiles) character file.

5175 Gargoyl the Spear-Bearer (level 10, -2/81 HPs)
             Began as a Centaur Abyssal Knight on May 21, 2018.
             Was an Elder of Lugonu.
             Slain by a two-headed ogre
             ... wielding a +0 giant spiked club
              (9 damage)
             ... on level 8 of the Dungeon.
             The game lasted 00:15:36 (10212 turns).

Gargoyl the Spear-Bearer (Centaur Abyssal Knight)  Turns: 10212, Time: 00:15:38

Health: -2/81      AC: 12    Str: 16    XL:     10   Next: 34%
Magic:  14/14      EV:  3    Int: 11    God:    Lugonu [****..]
Gold:   113        SH:  0    Dex: 11    Spells: 9/9 levels left

rFire    . . .     SeeInvis .   f - +4 demon trident (flame)
rCold    + . .     Gourm    .   (no shield)
rNeg     . . .     Faith    .   d - +0 plate armour
rPois    .         Spirit   .   (helmet restricted)
rElec    .         Reflect  .   (no cloak)
rCorr    .         Harm     .   y - +0 pair of gloves
MR       ++...     Clarity  +   (no barding)
Stlth    ..........             (no amulet)
HPRegen  0.23/turn              e - ring of protection from magic
MPRegen  0.14/turn              g - ring of protection from magic

@: lethally poisoned (-2 -> -4), very quick
A: large, antennae 1, hooves 3, clarity, cold resistance 1, deformed body, speed
2, tough skin 3
a: Depart the Abyss, Bend Space, Banish, Corrupt, Renounce Religion


You were on level 8 of the Dungeon.
You worshipped Lugonu.
Lugonu was greatly pleased with you.
You were not hungry.

You visited 1 branch of the dungeon, and saw 8 of its levels.
You visited the Abyss 1 time.

You collected 308 gold pieces.
You spent 195 gold pieces at shops.

Inventory:

Hand Weapons
 a - a +1 hand axe
 f - a +4 demon trident of flaming (weapon)
Missiles
 z - 3 tomahawks (quivered)
Armour
 d - a +0 plate armour (worn)
 y - a +0 pair of gloves (worn)
Jewellery
 e - a ring of protection from magic (left hand)
 g - a ring of protection from magic (right hand)
 l - an uncursed ring of resist corrosion
 v - an uncursed ring of flight
Wands
 s - a wand of flame (23)
 A - a wand of iceblast (9)
 C - a wand of paralysis (9)
Scrolls
 b - 2 scrolls of fog
 h - 4 scrolls of remove curse
 j - 2 scrolls of identify
 o - 5 scrolls of amnesia
 r - 2 scrolls of teleportation
 B - a scroll of magic mapping {unknown}
Potions
 i - a potion of haste {unknown}
 k - 3 potions of flight
 m - 4 potions of curing
 n - a potion of ambrosia
 p - 3 potions of might
 q - a potion of brilliance {unknown}
 t - a potion of magic
 u - 2 potions of cancellation
 w - a potion of heal wounds
Books
 x - a book of Geomancy

   Spells                             Type                      Level
   a - Sandblast                      Earth                        1
   b - Passwall                       Transmutation/Earth          2
   c - Stone Arrow                    Conjuration/Earth            3
   d - Petrify                        Transmutation/Earth          4
   e - Lee's Rapid Deconstruction     Earth                        5
Comestibles
 c - 7 rations


   Skills:
 + Level 5.5 Fighting
 + Level 1.7(6.5) Axes
 * Level 9.9(10.0) Polearms
 * Level 6.1 Armour
 + Level 1.7 Dodging
 * Level 5.9 Invocations
 + Level 1.5 Evocations


You had 9 spell levels left.
You didn't know any spells.

Dungeon Overview and Level Annotations

Branches:
Dungeon (8/15)             Temple (0/1) D:7
   Lair: D:8-11

Altars:
Nemelex Xobeh
Wu Jian
Yredelemnul
The Shining One

Shops:
D:5 ![!   D:8 ?

Annotations:
D:4 2 transporters


Innate Abilities, Weirdness & Mutations

You have hooves in place of feet.
Armour fits poorly on your strangely shaped body.
You cover ground very quickly.
You have extremely tough skin. (AC +3)
You have a pair of small antennae on your head.
You possess an exceptional clarity of mind.
Your flesh is cold resistant. (rC+)


Message History

The two-headed ogre hits you with a giant spiked club!
The two-headed ogre hits you with a giant club!
You puncture the two-headed ogre! You burn the two-headed ogre.
The two-headed ogre is heavily wounded.
The two-headed ogre hits you with a giant spiked club!
The two-headed ogre hits you with a giant club!!
* * * LOW HITPOINT WARNING * * *
You feel sick.
Aiming: Throw Flame
Press: ? - help, Shift-Dir - straight line, f/p - two-headed ogre
Aim: a two-headed ogre, wielding a giant spiked club and a giant club (heavily wounded)
The puff of flame hits the two-headed ogre.
The two-headed ogre is heavily wounded.
You puncture the two-headed ogre! You burn the two-headed ogre.
You kick the two-headed ogre!
The two-headed ogre is almost dead.
The two-headed ogre hits you with a giant spiked club!
* * * LOW HITPOINT WARNING * * *
The two-headed ogre hits you with a giant club!
You die...

###.#.###..#.#....P.P#
#P.
#.#........###P.P.P####..
#.###....#.#........P.P.P
#...#......#.#...P.P...P.
###.#..#.....'....P.P.P..
##.#.?..#...#.......P.P.
...##..<#.#.#..........#
# #.......#.#........##
#.# #.#.#@###.#...######
#...#$..O.# #.#...#
#.......# #.#####
####.#..# #.# #.#..#
#...## #.### #.# #..


You could see a two-headed ogre.

Vanquished Creatures
  2 two-headed ogres (D:8)
  A hippogriff (D:8)
  Sigmund (D:5)
  Menkaure (D:6)
  2 porcupines (D:8)
  2 orc warriors (D:6)
  An ice beast (D:8)
  A phantom (D:6)
  5 ogres
  3 centaurs
  3 bullfrogs
  A wyvern zombie (D:8)
  3 scorpions
  A howler monkey (D:5)
  5 wights (D:6)
  A killer bee (D:6)
  2 crimson imps
  A bullfrog zombie (D:5)
  A hound (D:4)
  3 orc priests
  3 bullfrog skeletons
  10 orc wizards
  A centaur zombie (D:6)
  A gnoll shaman (D:4)
  An iguana (D:8)
  6 worker ants
  Natasha (thrice) (D:2)
  4 hound zombies
  A howler monkey zombie (D:8)
  A worker ant zombie (D:6)
  5 adders
  5 gnolls (D:4)
  A shadow imp (D:5)
  An ufetubus (Abyss:2)
  2 oozes
  2 adder skeletons (D:6)
  3 worms
  A dart slug (D:5)
  3 leopard geckos
  20 orcs
  7 bats
  7 giant cockroaches
  6 goblins
  10 hobgoblins
  17 jackals
  6 kobolds
  A quokka (D:3)
  4 frilled lizards
  A jackal skeleton (D:6)
  A leopard gecko zombie (D:6)
  3 quokka skeletons
  5 rats
182 creatures vanquished.

Vanquished Creatures (others)
  A two-headed ogre (D:8)
  A fungus (D:8)
  A plant (D:8)
3 creatures vanquished.

Grand Total: 185 creatures vanquished

Notes
Turn   | Place    | Note
-------+----------+-------------------------------------------
     0 | Abyss:1  | Gargoyl the Centaur Abyssal Knight began the quest for the Orb.
     0 | Abyss:1  | Reached XP level 1. HP: 19/19 MP: 2/2
   129 | Abyss:1  | Found a corrupted altar of Lugonu.
   278 | Abyss:2  | Noticed a water elemental
   309 | D:1      | Escaped the Abyss
   481 | D:1      | Reached XP level 2. HP: 26/26 MP: 3/3
   933 | D:1      | Reached * piety under Lugonu
  1539 | D:1      | Reached skill level 1 in Dodging
  1542 | D:1      | Reached XP level 3. HP: 31/31 MP: 4/4
  1932 | D:2      | Reached skill level 1 in Polearms
  2238 | D:2      | Noticed Natasha
  2247 | D:2      | Killed Natasha
  2247 | D:2      | Reached skill level 2 in Polearms
  2247 | D:2      | Reached XP level 4. HP: 38/38 MP: 5/5
  2247 | D:2      | Noticed Natasha
  2255 | D:2      | Killed Natasha
  2546 | D:2      | Noticed Natasha
  2550 | D:2      | Killed Natasha
  2551 | D:2      | Reached XP level 5. HP: 40/45 MP: 6/6
  2852 | D:3      | Gained mutation: You expend magic power (3 MP) to strengthen your wands. [potion of mutation]
  2852 | D:3      | Gained mutation: Your mind is acute. (Int +2) [potion of mutation]
  2852 | D:3      | Lost mutation: Your mind is acute. (Int +2) [potion of mutation]
  2852 | D:3      | Gained mutation: Your mind is acute. (Int +2) [potion of mutation]
  2853 | D:3      | Lost mutation: You expend magic power (3 MP) to strengthen your wands. [potion of mutation]
  2853 | D:3      | Lost mutation: Your mind is acute. (Int +2) [potion of mutation]
  2853 | D:3      | Gained mutation: You are resistant to hostile enchantments. (MR+) [potion of mutation]
  2853 | D:3      | Gained mutation: Your mind is acute. (Int +2) [potion of mutation]
  2944 | D:3      | Lost mutation: Your mind is acute. (Int +2) [potion of mutation]
  2944 | D:3      | Lost mutation: You are resistant to hostile enchantments. (MR+) [potion of mutation]
  2944 | D:3      | Gained mutation: You have a pair of small antennae on your head. [potion of mutation]
  2944 | D:3      | Gained mutation: You have an increased reservoir of magic. (+10% MP) [potion of mutation]
  2945 | D:3      | Lost mutation: You have an increased reservoir of magic. (+10% MP) [potion of mutation]
  2945 | D:3      | Lost mutation: You have a pair of small antennae on your head. [potion of mutation]
  2945 | D:3      | Gained mutation: Your flesh is cold resistant. (rC+) [potion of mutation]
  2945 | D:3      | Gained mutation: You have a pair of small antennae on your head. [potion of mutation]
  2945 | D:3      | Gained mutation: You possess an exceptional clarity of mind. [potion of mutation]
  3023 | D:3      | Reached ** piety under Lugonu
  3353 | D:3      | Found a glowing golden altar of the Shining One.
  3490 | D:4      | Noticed an ogre
  3493 | D:4      | Killed an ogre
  3493 | D:4      | Reached skill level 3 in Polearms
  3506 | D:4      | Reached XP level 6. HP: 26/51 MP: 8/8
  3509 | D:4      | Reached skill level 4 in Polearms
  4270 | D:4      | Found a transporter.
  4297 | D:4      | Found a transporter.
  4328 | D:4      | Reached XP level 7. HP: 58/58 MP: 9/9
  4739 | D:5      | Entered Level 5 of the Dungeon
  4830 | D:5      | Reached skill level 5 in Polearms
  5089 | D:5      | Noticed Sigmund
  5095 | D:5      | Killed Sigmund
  5140 | D:5      | Found Xoulitug's Distillery.
  5148 | D:5      | Reached skill level 6 in Polearms
  5164 | D:5      | Reached XP level 8. HP: 53/66 MP: 10/10
  5233 | D:5      | Bought a potion of heal wounds for 75 gold pieces
  5233 | D:5      | Bought a potion of heal wounds for 75 gold pieces
  5233 | D:5      | Bought a potion of curing for 45 gold pieces
  5270 | D:5      | Reached *** piety under Lugonu
  5437 | D:5      | Found a sparkling altar of Nemelex Xobeh.
  5437 | D:5      | Found a basalt altar of Yredelemnul.
  5447 | D:5      | Found Kaut Facu's Distillery.
  5744 | D:5      | Found Cyowoinau's Armour Emporium.
  6363 | D:6      | Reached skill level 7 in Polearms
  6607 | D:6      | Noticed Menkaure
  6614 | D:6      | Killed Menkaure
  6646 | D:6      | HP: 2/67 [orc warrior/stone (8)]
  6990 | D:7      | Reached XP level 9. HP: 67/72 MP: 12/12
  7327 | D:6      | Reached skill level 8 in Polearms
  7394 | D:6      | Reached **** piety under Lugonu
  8302 | D:7      | Found an ornate altar of the Wu Jian Council.
  8846 | D:7      | Reached skill level 5 in Armour
  9045 | D:7      | Found a staircase to the Ecumenical Temple.
  9199 | D:8      | Noticed a two-headed ogre
  9205 | D:8      | Killed a two-headed ogre
  9205 | D:8      | Reached skill level 5 in Fighting
  9205 | D:8      | Reached skill level 9 in Polearms
  9205 | D:8      | Reached skill level 5 in Invocations
  9205 | D:8      | Reached skill level 1 in Evocations
  9392 | D:8      | Found Alose's Magic Scroll Emporium.
  9496 | D:8      | Noticed a two-headed ogre
  9513 | D:8      | Banished a two-headed ogre
  9524 | D:8      | Reached XP level 10. HP: 50/81 MP: 9/14
 10103 | D:8      | Noticed a two-headed ogre
 10125 | D:8      | Killed a two-headed ogre
 10198 | D:8      | Noticed a two-headed ogre
 10212 | D:8      | Slain by a two-headed ogre

Skill      XL: |  1  2  3  4  5  6  7  8  9 10 |
---------------+-------------------------------+-----
Armour         | 2 3 4 5 6 |  6.1
Dodging        | 1 |  1.7
Polearms       | 2 3 4 6 7 9 |  9.9
Invocations    | 3 4 5 |  5.9
Fighting       | 4 5 |  5.5
Evocations     | 1 |  1.5
Axes           | |  1.7

Action                   |  1- 3 |  4- 6 |  7- 9 | 10-12 || total
-------------------------+-------+-------+-------+-------++-------
Melee: Demon trident     |    71 |   124 |   311 |    44 ||   550
       Kick              |     6 |    11 |    52 |     9 ||    78
Invok: Depart the Abyss  |     1 |       |       |       ||     1
       Bend Space        |       |       |     1 |       ||     1
       Banish            |       |       |     1 |       ||     1
Evoke: Wand              |     2 |     5 |     7 |     4 ||    18
  Use: Potion            |     2 |     4 |     1 |       ||     7
       Scroll            |     6 |     5 |    10 |       ||    21
  Eat: Chunk             |     3 |     2 |     9 |       ||    14
       Ration            |       |     1 |     2 |       ||     3
Armor: Leather armour    |    25 |     7 |       |       ||    32
       Scale mail        |       |    45 |    85 |       ||   130
       Plate armour      |       |       |    61 |    14 ||    75
Dodge: Dodged            |    34 |    56 |    73 |     6 ||   169
